 Dungeon Crawl Stone Soup version 0.26-a0-30-g56b8cd3df0 (webtiles) character file.

Game seed: 14771824683355346596, levelgen mode: deterministic

1714 Hasart the Charlatan (level 9, -2/69 HPs)
             Began as a Formicid Fighter on June 3, 2020.
             Was a Believer of Okawaru.
             Slain by Pikel
             ... wielding a +0 whip of electrocution
              (16 damage)
             ... on level 6 of the Dungeon.
             The game lasted 00:12:39 (8834 turns).

Hasart the Charlatan (Formicid Fighter)             Turns: 8834, Time: 00:12:40

Health: -2/69      AC:  6    Str: 21    XL:     9   Next: 24%
Magic:  12/14      EV:  8    Int:  7    God:    Okawaru [**....]
Gold:   269        SH:  9    Dex: 10    Spells: 8/8 levels left

rFire    . . .     SeeInvis +   a - +0 war axe
rCold    . . .     Gourm    .   c - +0 kite shield
rNeg     . . .     Faith    .   b - +0 scale mail
rPois    .         Spirit   .   (helmet unavailable)
rElec    .         Reflect  .   h - scarf {+Inv}
rCorr    .         Harm     .   (no gloves)
MR       .....     Clarity  +   (no boots)
Stlth    ..........             (no amulet)
HPRegen  0.21/turn              o - -4 ring of strength (curse)
MPRegen  0.14/turn              (no ring)

@: very slightly contaminated, invisible
A: permanent stasis, dig shafts and tunnels, four strong arms, antennae 3,
clarity, sense surroundings 1, screaming 1
a: Dig, Shaft Self, Heroism, Renounce Religion


You were on level 6 of the Dungeon.
You worshipped Okawaru.
Okawaru was pleased with you.
You were not hungry.

You visited 2 branches of the dungeon, and saw 7 of its levels.

You collected 269 gold pieces.

Inventory:

Hand Weapons
 a - a +0 war axe (weapon)
Missiles
 i - 2 poisoned darts (quivered)
 v - 2 boomerangs of dispersal
Armour
 b - a +0 scale mail (worn)
 c - a +0 kite shield (worn)
 h - a scarf of invisibility (worn)
Jewellery
 o - a cursed -4 ring of strength (left hand)
 y - an uncursed amulet of the acrobat {unknown}
 F - a cursed ring of poison resistance
Wands
 s - a wand of random effects (14)
 E - a wand of polymorph (1)
Scrolls
 e - a scroll of amnesia {unknown}
 g - 3 scrolls of remove curse {unknown}
 k - a scroll of magic mapping {unknown}
 l - a scroll of teleportation {unknown}
 m - a scroll of blinking {unknown}
 n - a scroll of enchant weapon {unknown}
 p - 2 scrolls of fog {unknown}
 q - 8 scrolls of identify {unknown}
 t - 2 scrolls of fear {unknown}
 u - 3 scrolls of noise {unknown}
Potions
 d - a potion of might
 j - a potion of haste {unknown}
 r - a potion of heal wounds {unknown}
 w - a potion of brilliance {unknown}
 x - a potion of lignification {unknown}
 z - a potion of magic {unknown}
 A - 2 potions of degeneration {unknown}
 B - 3 potions of curing
 C - 2 potions of stabbing {unknown}
Comestibles
 f - 3 rations
 D - a chunk of flesh


   Skills:
 + Level 6.0 Fighting
 * Level 6.9 Axes
 + Level 3.6 Throwing
 - Level 3.3 Armour
 - Level 0.2 Dodging
 - Level 3.7 Shields
 * Level 7.0 Evocations


You had 8 spell levels left.
You didn't know any spells.
Your spell library was empty.

Dungeon Overview and Level Annotations

Branches:
Dungeon (6/15)             Temple (1/1) D:4

Altars:
Ashenzari
Cheibriados
Elyvilon
Fedhas
Hepliaklqana
Makhleb
Nemelex Xobeh
Okawaru
Qazlal
Ru
Sif Muna
Trog
Uskayaw
Vehumet
Wu Jian
Xom
The Shining One

Shops:
D:5 =

Annotations:
D:3 1 runed translucent door, Xtruder99's ghost, amateur DECj
D:4 2 transporters, GordonOverkill's ghost, amateur OpEE
D:6 Pikel


Innate Abilities, Weirdness & Mutations

You cannot be hasted, slowed, berserked, paralysed or teleported.
You can dig through walls and to a lower floor.
Your four strong arms can wield two-handed weapons with a shield.
You have a pair of large antennae on your head. (SInv)
You possess an exceptional clarity of mind.
You passively map a small area around you.
You occasionally shout uncontrollably at your foes.


Message History

You hit Pikel.
Pikel is lightly wounded.
Pikel hits you with a +0 whip of electrocution.
You are electrocuted!
You slash Pikel!
Pikel is moderately wounded.
Pikel hits you with a +0 whip of electrocution.
You closely miss Pikel.
Pikel is moderately wounded.
You block Pikel's attack.
Pikel hits you with a +0 whip of electrocution.
You fade into invisibility!
You are very lightly contaminated with residual magic.
You feel quite a bit more hungry. Pikel barely misses you.
You closely miss Pikel.
Pikel is moderately wounded.
Pikel hits you with a +0 whip of electrocution!
* * * LOW HITPOINT WARNING * * *
You are electrocuted!
You die...

#....# #######
#.##.# #.....#
#.##.####.....#
#.##.......>..+
#.#######.....#
#.##..........+
#.##.####.....##*
#.##.#.........#
#@##....#........
#K####..#########
#p# #..# #p# #..#
#p# #..# #.# #..#
#.# #..# #.# #..#
{* #..#########


You could see Pikel and 3 slaves.

Vanquished Creatures
  Grinder (D:5)
  A slave (D:6)
  4 sky beasts
  A phantom (D:5)
  An ogre (D:6)
  A centaur (D:6)
  2 bullfrogs
  2 howler monkeys
  A crimson imp (D:5)
  3 hounds
  A gnoll shaman (D:5)
  A bullfrog skeleton (D:4)
  An orc priest (D:5)
  3 orc wizards
  2 centaur skeletons (D:6)
  2 worker ants
  A hound zombie (D:5)
  A hound skeleton (D:4)
  6 adders
  12 gnolls
  3 worms
  2 dart slugs
  2 leopard geckos
  18 orcs
  4 ball pythons
  7 bats
  4 giant cockroaches
  3 goblins
  4 hobgoblins
  A quokka (D:4)
  6 frilled lizards
  7 kobolds
  A quokka skeleton (D:2)
  5 rats
114 creatures vanquished.

Vanquished Creatures (others)
  A withered plant (D:3)
1 creature vanquished.

Grand Total: 115 creatures vanquished

Notes
Turn   | Place    | Note
-------+----------+-------------------------------------------
     0 | D:1      | Hasart the Formicid Fighter began the quest for the Orb.
     0 | D:1      | Reached XP level 1. HP: 18/18 MP: 1/1
   212 | D:1      | Reached XP level 2. HP: 22/24 MP: 2/2
   774 | D:2      | Reached skill level 1 in Evocations
   845 | D:2      | Reached XP level 3. HP: 27/29 MP: 3/3
  1028 | D:2      | Gained mutation: You occasionally shout uncontrollably at
                  | your foes. [potion of mutation]
  1028 | D:2      | Gained mutation: You possess an exceptional clarity of
                  | mind. [potion of mutation]
  1028 | D:2      | Gained mutation: You passively map a small area around you.
                  | [potion of mutation]
  1328 | D:2      | Reached XP level 4. HP: 23/37 MP: 5/5
  1723 | D:2      | Reached skill level 2 in Evocations
  2274 | D:3      | Found a hide-covered altar of Uskayaw.
  2285 | D:3      | Reached XP level 5. HP: 42/42 MP: 6/6
  2318 | D:3      | Found a runed translucent door.
  2318 | D:3      | Noticed Xtruder99's ghost (amateur DECj)
  2649 | D:3      | Found a shimmering altar of Xom.
  2649 | D:3      | Found a stormy altar of Qazlal.
  2655 | D:3      | Found a blossoming altar of Fedhas.
  2911 | D:4      | Reached skill level 3 in Evocations
  3014 | D:4      | Found a transporter.
  3117 | D:4      | Noticed GordonOverkill's ghost (amateur OpEE)
  3118 | D:4      | Found a transporter.
  3133 | D:4      | Reached XP level 6. HP: 39/48 MP: 8/8
  3510 | D:4      | Found a staircase to the Ecumenical Temple.
  3526 | Temple   | Entered the Ecumenical Temple
  3891 | Temple   | Became a worshipper of Warmaster Okawaru
  3952 | D:4      | Noticed an ogre
  4384 | D:5      | Entered Level 5 of the Dungeon
  4386 | D:5      | Noticed a sky beast
  4387 | D:5      | Noticed Grinder
  4411 | D:4      | Killed a sky beast
  4411 | D:4      | Reached skill level 4 in Evocations
  4526 | D:5      | Reached XP level 7. HP: 53/55 MP: 10/10
  4552 | D:5      | Killed Grinder
  4552 | D:5      | Reached * piety under Okawaru
  4552 | D:5      | Reached skill level 5 in Axes
  4552 | D:5      | Reached skill level 1 in Throwing
  5040 | D:5      | Found Menka's Jewellery Shoppe.
  5118 | D:5      | Reached skill level 5 in Evocations
  5252 | D:5      | Reached skill level 5 in Fighting
  5258 | D:5      | Reached XP level 8. HP: 35/62 MP: 11/11
  5980 | D:5      | Reached ** piety under Okawaru
  7085 | D:5      | Found a shimmering blue altar of Sif Muna.
  7197 | D:5      | Reached skill level 6 in Evocations
  8255 | D:6      | Reached XP level 9. HP: 53/69 MP: 11/13
  8670 | D:6      | Reached skill level 7 in Evocations
  8819 | D:6      | Noticed Pikel
  8834 | D:6      | Slain by Pikel

Illustrated notes

Levels and vault maps discovered:
D:1:      dpeg_arrival_oval, layout_basic
D:2:      layout_basic, first_ration, minmay_heptomino_o4
D:3:      layout_basic, grunt_temple_overflow_open,
          eat_drink_and_be_merry_uskayaw, gammafunk_ghost_grave
D:4:      layout_loops_ring, minmay_temple_entry_grid, gammafunk_ghost_arena
D:5:      layout_basic, marbit_many_paths, serial_shops, nicolae_shop_crystal,
          minmay_diced_spiral, uniq_grinder
D:6:      layout_basic, minmay_pentangle, uniq_pikel
Temple:   minmay_temple_forest_path

Skill      XL: |  1  2  3  4  5  6  7  8  9 |
---------------+----------------------------+-----
Evocations     | 1 2 3 4 5 6 7 |  7.0
Axes           | 3 4 5 6 |  6.9
Fighting       | 4 5 6 |  6.0
Throwing       | 2 3 |  3.6
Armour         | |  3.3
Dodging        | |  0.2
Shields        | |  3.7

Action                   |  1- 3 |  4- 6 |  7- 9 || total
-------------------------+-------+-------+-------++-------
Melee: War axe           |   106 |   168 |   269 ||   543
       Unarmed           |       |       |     9 ||     9
Throw: Dart              |       |     3 |     3 ||     6
 Abil: Evoke Invisibilit |       |       |     4 ||     4
  Use: Potion            |     3 |       |     1 ||     4
 Stab: Invisible         |       |       |     7 ||     7
  Eat: Chunk             |       |     5 |    12 ||    17
       Ration            |       |     2 |     1 ||     3
Armor: Scale mail        |    74 |    56 |    97 ||   227
       Skin              |       |       |     2 ||     2
Dodge: Dodged            |    29 |    48 |    99 ||   176
Block: Kite shield       |    71 |    72 |   135 ||   278

Table legend:
 A = Non-vault XP
 B = Vault XP
 C = Vault XP percentage of total XP
 D = Non-vault monster count
 E = Vault monster count
 F = Vault count percentage of total count
                 A         B        C        D         E       F
            +---------+---------+-------+---------+---------+-------
      Total |    2059 |     390 |  15.9 |     104 |       9 |   8.0
            +---------+---------+-------+---------+---------+-------
        D:1 |      18 |       0 |   0.0 |      12 |       0 |   0.0
        D:2 |     110 |       9 |   7.6 |      21 |       4 |  16.0
        D:3 |      83 |       0 |   0.0 |      10 |       0 |   0.0
        D:4 |     294 |      45 |  13.3 |      18 |       1 |   5.3
        D:5 |     741 |     336 |  31.2 |      22 |       4 |  15.4
        D:6 |     813 |       0 |   0.0 |      21 |       0 |   0.0
            +---------+---------+-------+---------+---------+-------
